 Dungeon Crawl Stone Soup version 0.14.1-26-g5a19342 (webtiles) character file.

250 Kae the Sneak (level 5, 0/24 HPs)
             Began as a Spriggan Enchanter on Aug 1, 2014.
             Succumbed to poison (a potion of poison)
             ... on Level 3 of the Dungeon.
             The game lasted 00:04:26 (2820 turns).

Kae the Sneak (Spriggan Enchanter)                  Turns: 2820, Time: 00:04:26

HP   0/24        AC  3     Str  5      XL: 5   Next: 20%
MP   1/16        EV 18     Int 16      God:
Gold 87          SH  0     Dex 17      Spells:  2 memorised,  7 levels left

rFire  + . .     SeeInvis +     a - +1 dagger
rCold  + . .     Clarity  .     b - +1 robe
rNeg   . . .     Conserve .     (shield restricted)
rPois  +         rCorr    .     (helmet restricted)
rElec  +         rRot     .     (no cloak)
SustAb . .       Spirit   .     (gloves unavailable)
rMut   .         Warding  .     (boots unavailable)
Saprov . . .     Stasis   .     (no amulet)
MR     .....                    (no ring)
                                (no ring)

@: lethally poisoned, very slightly contaminated, hasted, very quick, not
resistant to hostile enchantments, quite stealthy
A: unfitting armour, see invisible, herbivore 3, speed 3, slow metabolism 2
a: no special abilities


You were on level 3 of the Dungeon.
You were very hungry.

You visited 1 branch of the dungeon, and saw 3 of its levels.

You collected 87 gold pieces.

Inventory:

Hand weapons
 a - a +1,+1 dagger (weapon)
Missiles
 d - 12 darts (quivered)
 o - 20 stones
 s - 2 throwing nets
Armour
 b - a +1 robe (worn)
Comestibles
 g - 4 bread rations
 t - a lychee
Scrolls
 f - a scroll of remove curse
 l - 2 scrolls of identify {unknown}
 m - 2 scrolls of teleportation {unknown}
 q - a scroll of recharging {unknown}
 u - a scroll of amnesia {unknown}
Jewellery
 k - an uncursed ring of poison resistance {unknown}
 r - an uncursed ring of protection from fire {unknown}
 v - a cursed ring of hunger {unknown}
Potions
 e - a potion of porridge
 h - 2 potions of magic
 n - a potion of heal wounds {unknown}
Books
 c - a book of Maledictions

   Spells                             Type                      Level
   *Corona                            Hexes                        1
   Sure Blade                         Hexes/Charms                 2
   *Ensorcelled Hibernation           Hexes/Ice                    2
   Confuse                            Hexes                        3
   Enslavement                        Hexes                        4
   Invisibility                       Hexes                        6


   Skills:
 * Level 3.1 Short Blades
 - Level 1.1 Throwing
 - Level 3.0 Dodging
 * Level 5.8 Stealth
 + Level 3.4 Spellcasting
 + Level 4.3 Hexes


You had 7 spell levels left.
You knew the following spells:

 Your Spells              Type           Power        Failure   Level  Hunger
a - Corona                Hex            ###....      3%          1    None
b - Ensorcelled Hibernat  Hex/Ice        #.....       12%         2    ##.....


Dungeon Overview and Level Annotations

Branches:
Dungeon (3/15)

Altars:
Trog


Innate Abilities, Weirdness & Mutations

You are tiny and cannot use many weapons and most armour.
You have supernaturally acute eyesight.
You are a herbivore.
You cover ground extremely quickly.
You need consume almost no food.


Message History

Confirm with . or Enter, or press ? or * to list all spells.
Aiming: Ensorcelled Hibernation
Press: ? - help, Shift-Dir - straight line, f/p - orc wizard
Aim: an orc wizard, wielding a dagger and wearing a robe (slightly transparent)
The orc wizard resists.
The orc wizard barely misses you. The orc completely misses you.
Drink which item? (? for menu, Esc to quit)
That liquid tasted very nasty...
You are lethally poisoned!
It was a potion of poison.
* * * LOW HITPOINT WARNING * * *
You feel sick. The orc wizard closely misses you. The orc closely misses you.
Drink which item? (? for menu, Esc to quit)
You feel protected.
It was a potion of resistance.
* * * LOW HITPOINT WARNING * * *
You feel sick. The orc wizard barely misses you. The orc closely misses you.
Drink which item? (? for menu, Esc to quit)
You feel yourself speed up.
It was a potion of haste.
You die...

#.# #.# ###.# #.### ##.#.#
#.#.##
####....#########....###
+.......................
....##....##########...###
. ##.#.###### ##..#
#..o)....# ##.# #.#@####o#
#.# #)#o## #.# #.%..# #.#
#....# ###.### ##....###
##.....# #.......#
#....... #..>...[o.#
#....... #.###.#.###
#....... #. #.#.# #.......


You could see an orc wizard (invisible) and an orc.

Vanquished Creatures
  An orc wizard (D:3)
  2 adders
  4 gnolls (D:3)
  A worm (D:3)
  4 giant geckos
  4 orcs (D:3)
  11 goblins
  15 hobgoblins
  2 jackals (D:1)
  6 bats
  A giant cockroach (D:3)
  2 giant newts
  8 kobolds
  5 rats
66 creatures vanquished.

Notes
Turn   | Place    | Note
--------------------------------------------------------------
     0 | D:1      | Kae, the Spriggan Enchanter, began the quest for the Orb.
     0 | D:1      | Reached XP level 1. HP: 9/9 MP: 4/4
   260 | D:1      | Reached XP level 2. HP: 5/13 MP: 5/7
   384 | D:1      | Learned a level 2 spell: Ensorcelled Hibernation
   961 | D:1      | Reached skill level 4 in Stealth
  1194 | D:2      | Reached XP level 3. HP: 12/16 MP: 9/9
  1347 | D:2      | Found a bloodstained altar of Trog.
  1941 | D:3      | Reached skill level 5 in Stealth
  2077 | D:3      | Reached XP level 4. HP: 9/21 MP: 0/13
  2807 | D:3      | Reached XP level 5. HP: 17/24 MP: 13/16
  2819 | D:3      | HP: 1/24 [poison (a potion of poison)]
  2820 | D:3      | Succumbed to poison (a potion of poison)

Action                   |  1- 3 |  4- 6 || total
-------------------------+-------+-------++-------
Melee: Dagger            |   147 |    37 ||   184
 Cast: Corona            |     2 |     1 ||     3
       Ensorcelled Hiber |    17 |    17 ||    34
  Use: Scroll            |     3 |       ||     3
       Potion            |     1 |     3 ||     4
 Stab: Sleeping          |    19 |    12 ||    31
